 Dungeon Crawl Stone Soup version 0.24-a0-275-g6f7e2cb (webtiles) character file.

Game seed: 11617527518658731703

548 Dantiko the Slasher (level 7, -2/54 HPs)
             Began as a Formicid Fighter on Apr 27, 2019.
             Killed by nerve-wracking pain
             ... invoked by Menkaure
              (8 damage)
             ... on level 5 of the Dungeon.
             The game lasted 00:09:53 (3777 turns).

Dantiko the Slasher (Formicid Fighter)              Turns: 3777, Time: 00:09:54

Health: -2/54      AC:  9    Str: 28    XL:     7   Next: 53%
Magic:  0/16       EV:  8    Int: 11    God:
Gold:   259        SH: 10    Dex: 10    Spells: 6/6 levels left

rFire    . . .     SeeInvis +   a - +0 long sword
rCold    . . .     Gourm    .   c - +0 shield
rNeg     . . .     Faith    .   e - +0 chain mail
rPois    .         Spirit   +   (helmet unavailable)
rElec    .         Reflect  .   (no cloak)
rCorr    .         Harm     .   (no gloves)
MR       .....                  (no boots)
Stlth    ..........             r - amulet of guardian spirit
HPRegen  0.18/turn              l - +4 ring of intelligence
MPRegen  0.15/turn              i - ring of magical power

@: mighty
A: permanent stasis, dig shafts and tunnels, four strong arms, antennae 3
a: Dig, Shaft Self


You were on level 5 of the Dungeon.
You were hungry.

You visited 1 branch of the dungeon, and saw 5 of its levels.

You collected 274 gold pieces.
You spent 15 gold pieces at shops.

Inventory:

Hand Weapons
 a - a +0 long sword (weapon)
Armour
 c - a +0 shield (worn)
 e - a +0 chain mail (worn)
Jewellery
 i - a ring of magical power (right hand)
 l - a +4 ring of intelligence (left hand)
 r - an amulet of guardian spirit (around neck)
Wands
 n - a wand of disintegration (13)
Scrolls
 g - a scroll of amnesia
 h - 3 scrolls of remove curse {unknown}
 j - 3 scrolls of identify {unknown}
 m - a scroll of magic mapping {unknown}
 o - a scroll of noise {unknown}
 u - a scroll of blinking {unknown}
Potions
 b - a potion of haste
 p - a potion of agility {unknown}
 q - a potion of heal wounds {unknown}
 t - a potion of lignification {unknown}
Comestibles
 f - 9 rations
 s - a chunk of flesh


   Skills:
 - Level 4.0 Fighting
 + Level 6.0 Long Blades
 - Level 3.2 Armour
 + Level 3.6 Dodging
 - Level 4.0 Shields


You had 6 spell levels left.
You didn't know any spells.
Your spell library was empty.

Dungeon Overview and Level Annotations

Branches:
Dungeon (5/15)
 Temple: D:4-7

Altars:
Sif Muna
Wu Jian
The Shining One

Shops:
D:5 !

Annotations:
D:5 Menkaure


Innate Abilities, Weirdness & Mutations

You cannot be hasted, slowed, berserked, paralysed or teleported.
You can dig through walls and to a lower floor.
Your four strong arms can wield two-handed weapons with a shield.
You have a pair of large antennae on your head. (SInv)


Message History

* * * LOW HITPOINT WARNING * * *
Menkaure closely misses you.
Okay, then.
It was a potion of haste.
Your stasis prevents you from being hasted.
You block Menkaure's attack.
It was a potion of curing.
You feel better. You block Menkaure's attack.
Okay, then.
As you read the scroll labeled TOLISE WOACSI, it crumbles to dust.
It is a scroll of amnesia.
You feel forgetful for a moment. Menkaure hits you.
* * * LOW HITPOINT WARNING * * *
You feel better. Menkaure hits you.
* * * LOW HITPOINT WARNING * * *
You feel very mighty all of a sudden. Menkaure hits you!
* * * LOW HITPOINT WARNING * * *
Menkaure points at you and mumbles some strange words.
Pain shoots through your body!
You die...

.####.###.....#.#.....#...##.#
## .####.#
#...#.#[#.#...#...##.. .#.#..#
##....###...#.....###.
###)#.####..#.....####....# #
{ ##(............#{{........#
.<.##...###.##.{{######...#
####...## ###{## ##### ...#
##M# #..## #@## #..# ### ....
..


You could see Menkaure.

Vanquished Creatures
  A centaur (D:5)
  A scorpion (D:5)
  A crimson imp (D:5)
  4 orc wizards
  An orc priest (D:5)
  A bullfrog skeleton (D:4)
  Terence (D:2)
  2 worker ants
  4 adders
  An adder skeleton (D:3)
  A worm (D:3)
  4 leopard geckos
  5 orcs
  3 ball pythons
  6 giant cockroaches
  14 goblins
  15 hobgoblins
  4 jackals
  12 kobolds
  A quokka (D:2)
  A ball python zombie (D:3)
  3 bats
  7 frilled lizards
  9 rats
102 creatures vanquished.

Notes
Turn   | Place    | Note
-------+----------+-------------------------------------------
     0 | D:1      | Dantiko the Formicid Fighter began the quest for the Orb.
     0 | D:1      | Reached XP level 1. HP: 18/18 MP: 1/1
   116 | D:1      | Reached XP level 2. HP: 23/25 MP: 2/2
   315 | D:1      | Reached XP level 3. HP: 30/30 MP: 3/3
   918 | D:2      | Noticed Terence
   931 | D:2      | Killed Terence
   931 | D:2      | Reached skill level 3 in Long Blades
   931 | D:2      | Reached XP level 4. HP: 35/37 MP: 4/4
  1225 | D:2      | Reached skill level 4 in Long Blades
  1394 | D:2      | Found a glowing golden altar of the Shining One.
  1396 | D:2      | Found a deep blue altar of Sif Muna.
  1398 | D:2      | Found an ornate altar of the Wu Jian Council.
  1434 | D:2      | Reached XP level 5. HP: 42/42 MP: 5/5
  1884 | D:3      | Reached skill level 1 in Dodging
  2087 | D:3      | Found a faded altar of an unknown god.
  2313 | D:4      | Reached XP level 6. HP: 44/48 MP: 6/6
  2455 | D:4      | Reached skill level 5 in Long Blades
  3057 | D:5      | Entered Level 5 of the Dungeon
  3106 | D:5      | Reached XP level 7. HP: 24/54 MP: 7/7
  3512 | D:5      | Found Ycruamathro's Distillery.
  3518 | D:5      | Bought a potion of degeneration for 15 gold pieces
  3673 | D:5      | Reached skill level 6 in Long Blades
  3738 | D:5      | Noticed Menkaure
  3777 | D:5      | Killed from afar by Menkaure

Levels and vault maps discovered:
D:1:      grunt_arrival_crossed_arrows, layout_basic, minmay_misc_feat_doors,
          wad_floor_pattern_1
D:2:      layout_loops_ring, grunt_temple_overflow_diamond, minmay_pentomino_o2,
          uniq_terence
D:3:      layout_loops_ring, chequers_ecumenical_altar_twisty,
          minmay_fractal_squares_gapless_5
D:4:      layout_basic
D:5:      layout_rooms, serial_shops, shop_statue, first_ration,
          minmay_fractal_squares_5, uniq_menkaure

Skill      XL: |  1  2  3  4  5  6  7 |
---------------+----------------------+-----
Fighting       | 4 |  4.0
Shields        | 4 |  4.0
Long Blades    | 3 4 5 6 |  6.0
Dodging        | 1 2 3 |  3.6
Armour         | |  3.2

Action                   |  1- 3 |  4- 6 |  7- 9 || total
-------------------------+-------+-------+-------++-------
Melee: Long sword        |   113 |   204 |    83 ||   400
 Abil: Dig               |     1 |     2 |     1 ||     4
  Use: Potion            |       |       |     4 ||     4
       Scroll            |       |       |     1 ||     1
  Eat: Chunk             |       |     7 |     3 ||    10
Armor: Chain mail        |    71 |    83 |    36 ||   190
       Scale mail        |     3 |       |       ||     3
Dodge: Dodged            |    26 |    40 |    22 ||    88
Block: Shield            |    61 |   101 |    34 ||   196
       Rpst.: Long sword |    11 |    11 |     3 ||    25

Table legend:
 A = Non-vault XP
 B = Vault XP
 C = Vault XP percentage of total XP
 D = Non-vault monster count
 E = Vault monster count
 F = Vault count percentage of total count
                 A         B        C        D         E       F
            +---------+---------+-------+---------+---------+-------
      Total |     530 |     253 |  32.3 |      88 |      14 |  13.7
            +---------+---------+-------+---------+---------+-------
        D:1 |      44 |       0 |   0.0 |      27 |       0 |   0.0
        D:2 |      57 |      39 |  40.6 |      24 |       3 |  11.1
        D:3 |      53 |      17 |  24.3 |      17 |       7 |  29.2
        D:4 |     137 |       0 |   0.0 |       8 |       0 |   0.0
        D:5 |     239 |     197 |  45.2 |      12 |       4 |  25.0
            +---------+---------+-------+---------+---------+-------
